 Dungeon Crawl Stone Soup version 0.30-a0-723-gc1506a1cf0 (webtiles) character file.

Game seed: 17345162697932716956

22 hbarley the Conjurer (level 2, -1/21 HPs)
             Began as a Demonspawn Wanderer on Jan 28, 2023.
             Slain by a quokka (2 damage)
             ... on level 1 of the Dungeon.
             The game lasted 00:02:50 (506 turns).

hbarley the Conjurer (Demonspawn Wanderer)           Turns: 506, Time: 00:02:51

Health: -1/21      AC:  5    Str: 10    XL:     2   Next: 68%
Magic:  3/3        EV:  9    Int: 13    God:
Gold:   4          SH:  5    Dex: 14    Spells: 3/3 levels left

rFire   . . .      SeeInvis .    g - +0 dagger (venom)
rCold   . . .      Faith    .    d - +0 buckler
rNeg    . . .      Spirit   .    e - +0 ring mail
rPois   .          Reflect  .    (no helmet)
rElec   .          Harm     .    (no cloak)
rCorr   .          Rampage  .    (no gloves)
Will    .....                    (no boots)
Stlth   +                        (no amulet)
HPRegen 0.23/turn                (no ring)
MPRegen 0.16/turn                (no ring)

@: no status effects
A: magic regeneration
a: no special abilities


You were on level 1 of the Dungeon.
You visited 1 branch of the dungeon, and saw 1 of its levels.

You collected 4 gold pieces.

Inventory:

Hand Weapons
 a - a +0 dagger
 g - a +0 dagger of venom (weapon)
Armour
 c - a +0 robe
 d - a +0 buckler (worn)
 e - a +0 ring mail (worn)
Scrolls
 b - a scroll of teleportation
 f - a scroll of noise {unknown}


   Skills:
 + Level 1.1 Fighting
 + Level 1.0 Short Blades
 + Level 0.1 Armour
 + Level 1.2 Dodging
 + Level 2.9 Shields
 + Level 1.0 Spellcasting
 + Level 3.2 Conjurations
 + Level 1.1 Necromancy


You had 3 spell levels left.
You didn't know any spells.
Your spell library contained the following spells:

 Spells                   Type           Power      Damage    Failure   Level
 Shock                    Conj/Air       16%        1d4       45%         1
 Necrotise                Necr           12%        1d4       52%         1
 Stone Arrow              Conj/Erth      8%         3d7       83%         3
 Vampiric Draining        Necr           3%         2d6       88%         3
 Sticky Flame             Conj/Fire      4%         2d3       99%         4


Dungeon Overview and Level Annotations

Branches:
Dungeon (1/15)

Altars:

Shops:
D:1 :


Innate Abilities, Weirdness & Mutations

You regenerate magic rapidly.


Message History

The jackal closely misses you.
The jackal bites you but does no damage.
Your Short Blades skill increases to level 1!
You closely miss the jackal. The jackal completely misses you.
The quokka barely misses you.
The jackal bites you but does no damage.
The jackal completely misses you.
The jackal bites you but does no damage.
The quokka closely misses you.
You completely miss the jackal. The jackal bites you. x2
The jackal bites you but does no damage.
The quokka closely misses you. The jackal barely misses you.
You closely miss the jackal.
The jackal bites you but does no damage.
The jackal bites you. x2
* * * LOW HITPOINT WARNING * * *
The quokka bites you but does no damage.
The jackal barely misses you.
You barely miss the jackal. You block the jackal's attack.
The jackal barely misses you. The jackal bites you.
* * * LOW HITPOINT WARNING * * *
The quokka bites you.
* * * LOW HITPOINT WARNING * * *
The jackal closely misses you.
Found a scroll labelled CAOGAO IMUPRO and a club.
The jackal closely misses you. x2
The jackal bites you but does no damage.
The quokka bites you but does no damage.
The jackal barely misses you. The jackal closely misses you.
The jackal bites you but does no damage.
You see here a hobgoblin corpse.
You barely miss the jackal. The jackal bites you.
* * * LOW HITPOINT WARNING * * *
The jackal barely misses you.
The quokka bites you but does no damage.
The jackal bites you but does no damage.
You block the jackal's attack. The jackal closely misses you. x2
The jackal bites you but does no damage.
The jackal closely misses you. The quokka bites you.
You die...

#.#.##.####. #....
###.#.....# #. #...)
#.........# #. #.....
#.#.##....###. #.....
#.#.##.....(#.
#.....#####.#.........#.
#...........#.........#.
#.....rh.....#.........
#....h@h...#.#...#####.
#....hhh...#.###.#.....
#.....h###.#.# #.#.#...
#....... ....# #.#.#.##
.....$... ..### #.#.#.##
........##### #.#.#.##
..).....? #.#.....
......... #.#.#### #.#†#


You could see a quokka and 7 jackals.

Vanquished Creatures
  2 endoplasms (D:1)
  2 giant cockroaches (D:1)
  A goblin (D:1)
  4 hobgoblins (D:1)
  2 jackals (D:1)
  A ball python (D:1)
  5 bats (D:1)
  A frilled lizard (D:1)
  A rat (D:1)
19 creatures vanquished.

Notes
Turn   | Place    | Note
-------+----------+-------------------------------------------
     0 | D:1      | hbarley the Demonspawn Wanderer began the quest for the
                  | Orb.
     0 | D:1      | hbarley set off with the following items: a +0 dagger, a
                  | scroll of teleportation, a +0 robe, a +0 buckler; and the
                  | following spells available to memorise: Shock, Necrotise,
                  | Stone Arrow, Vampiric Draining, Sticky Flame.
     0 | D:1      | Reached XP level 1. HP: 15/15 MP: 2/2
    18 | D:1      | Found Cequrghe's Vocational Training.
   158 | D:1      | Gained mutation: You regenerate magic rapidly. [demonic
                  | ancestry]
   158 | D:1      | Reached XP level 2. HP: 12/21 MP: 3/3
   501 | D:1      | Reached skill level 1 in Short Blades
   506 | D:1      | HP: 1/21 [jackal (1)]
   506 | D:1      | Slain by a quokka

Illustrated notes

Levels and vault maps discovered:
D:1:      scummos_arrival_simple_fountains, layout_basic, serial_shops, shop,
          hex_tiny, nicolae_shop_vocational

Skill      XL: |  1  2 |
---------------+-------+-----
Short Blades   | 1 |  1.0
Fighting       | |  1.1
Armour         | |  0.1
Dodging        | |  1.2
Shields        | |  2.9
Spellcasting   | |  1.0
Conjurations   | |  3.2
Necromancy     | |  1.1

Action                     || total
---------------------------++-------
  Melee: Dagger            ||    90
   Stab: Sleeping          ||     3
 Armour: Robe              ||    26
         Ring mail         ||    22
  Dodge: Dodged            ||    73
  Block: Buckler           ||    31

Table legend: (Time is in decaauts)
 A = Elapsed time spent in this place.
 B = Non-inter-level travel time spent in this place.
 C = Inter-level travel time spent in this place.
 D = Time resting spent in this place.
 E = Time spent auto-exploring this place.
 F = Levels seen in this place.
 G = Mean time per level.
                   A        B        C        D        E       F      G
               +--------+--------+--------+--------+--------+-----+--------+
         Total |    506 |    482 |     24 |      0 |    306 |   1 |  506.0 |
       Dungeon |    506 |    482 |     24 |      0 |    306 |   1 |  506.0 |
               +--------+--------+--------+--------+--------+-----+--------+

Top non-repeatable levels by time:
     D:1: 506 daAuts
